AoeStats
← Cuis Manicero

Black Forest

507663752Analyzed
4v4 RM · 14d ago on Sep 19, 2026· 34m 8s· 8 players
Game mode
Random Map
Map size
Large (8 player)
Population
200
Speed
Normal
Resources
Standard
Victory
Conquest
Starting age
Dark Age
Ending age
Imperial Age
RankedLock teamsTeams togetherTeam positionsShared explorationLock speedFull tech treeHidden civsTurbo modeCheats
Victory
Defeat
🇲🇽 Khmer · Mexico
1452
+16
🇦🇷 Saracens · Argentina
1401
+18
🇻🇳 Mapuche · Vietnam
1386
+19
🇻🇳 Bohemians · Vietnam
1382
+19
🇨🇴 Japanese · Colombia
1540
-22
🇦🇷 Persians · Argentina
1506
-20
🇦🇷 Burgundians · Argentina
1381
-15
🇦🇷 Khmer · Argentina
1371
-15
thefacelessz12
0:45 Loom
10:23 Feudal Age
14:13 Castle Age
12:59 Double-Bit Axe
15:52 Bow Saw
22:05 Town Watch
31:19 Imperial Age
29:26 Wheelbarrow
28:34 Horse Collar
29:40 Heavy Plow
29:32 Gold Mining
31:27 Heavy Scorpion
32:08 Double Crossbow
32:31 Ballistics
32:29 Siege Engineers
32:26 Capped Ram
33:24 Siege Ram
35:24 Chemistry
VNS__Pan
11:17 Feudal Age
14:54 Castle Age
12:43 Double-Bit Axe
12:39 Horse Collar
16:07 Bow Saw
16:18 Heavy Plow
20:35 Wheelbarrow
27:34 Imperial Age
25:23 Hand Cart
26:24 Chemistry
25:30 Loom
25:33 Town Watch
26:02 Scale Mail Armor
26:09 Caravan
26:39 Forging
27:20 Coinage
27:37 Chain Mail Armor
28:32 Iron Casting
29:19 Two-Man Saw
28:21 Squires
28:17 Pikeman
30:22 Plate Mail Armor
30:53 Blast Furnace
29:52 Arson
29:28 Halberdier
31:34 Houfnice
33:14 Conscription
33:16 Ballistics
34:16 Guilds
34:37 Banking
Valodimer
5:00 Loom
6:31 Loom
9:27 Feudal Age
15:32 Gold Mining
15:43 Double-Bit Axe
21:29 Castle Age
20:22 Fletching
20:24 Horse Collar
22:06 Bodkin Arrow
24:41 Ballistics
24:42 Bow Saw
25:15 Padded Archer Armor
26:31 Heavy Plow
27:56 Leather Archer Armor
31:35 Wheelbarrow
30:46 Town Watch
KanA
3:19 Loom
9:41 Feudal Age
13:18 Fletching
14:00 Padded Archer Armor
15:43 Double-Bit Axe
20:43 Gold Mining
20:33 Horse Collar
24:48 Castle Age
23:17 Stone Mining
24:49 Crossbowman
25:25 Bodkin Arrow
26:04 Leather Archer Armor
27:15 Ballistics
28:11 Wheelbarrow
29:20 Thumb Ring
32:22 Hand Cart
Cuis Manicero
1:46 Loom
13:48 Feudal Age
13:51 Double-Bit Axe
18:03 Padded Archer Armor
17:55 Fletching
20:47 Horse Collar
23:57 Bow Saw
25:08 Wheelbarrow
29:04 Castle Age
29:11 Elite Skirmisher
30:05 Elite Skirmisher
31:20 Bodkin Arrow
Rabanito
0:37 Loom
12:02 Feudal Age
13:08 Double-Bit Axe
15:43 Castle Age
13:50 Horse Collar
17:01 Bow Saw
24:00 Wheelbarrow
25:03 Hand Cart
25:06 Heavy Plow
25:24 Gold Mining
26:27 Town Watch
31:06 Imperial Age
29:18 Scale Mail Armor
29:54 Forging
30:24 Chain Mail Armor
31:27 Iron Casting
30:54 Guard Tower
31:29 Fortified Wall
32:00 Siege Engineers
32:55 Chemistry
32:07 Fletching
33:09 Keep
32:17 Pikeman
33:15 Squires
33:37 Bodkin Arrow
Destruidora de Sueño
6:11 Loom
11:08 Feudal Age
14:51 Castle Age
13:44 Scale Barding Armor
13:45 Double-Bit Axe
19:42 Gold Mining
21:18 Scale Barding Armor
21:45 Husbandry
23:22 Chain Barding Armor
24:41 Horse Collar
27:16 Forging
27:41 Bloodlines
34:15 Bow Saw
Pablete
5:29 Loom
12:05 Feudal Age
16:02 Castle Age
14:23 Double-Bit Axe
14:40 Horse Collar
18:25 Bow Saw
23:22 Wheelbarrow
26:34 Hand Cart
27:05 Heavy Plow
30:45 Imperial Age
28:12 Town Watch
30:18 Town Patrol
30:11 Gold Mining
30:14 Stone Mining
33:54 Fletching
34:11 Siege Engineers
35:08 Chemistry
34:29 Ballistics
Connection lost

Rejoining the realm…

Still unreachable

The connection could not be restored.

Session expired

The server has moved on; the page needs a fresh start.